 Dungeon Crawl Stone Soup version 0.21-a0-122-g43b3ea6 (webtiles) character file.

60069 Duffy the Severer (level 14, -4/77 HPs)
             Began as a Vine Stalker Gladiator on July 13, 2017.
             Was the Champion of Makhleb.
             Drowned by a drowned soul (14 damage)
             ... summoned by a merfolk avatar
             ... on level 6 of the Lair of Beasts.
             The game lasted 00:23:32 (15846 turns).

Duffy the Severer (Vine Stalker Gladiator)         Turns: 15846, Time: 00:23:32

Health: -4/77      AC: 25    Str: 21    XL:     14   Next: 97%
Magic:  0/24       EV:  9    Int:  8    God:    Makhleb [******]
Gold:   565        SH:  3    Dex: 23    Spells: 13/13 levels left

rFire    . . .     SeeInvis .   x - +1 battleaxe (flame)
rCold    . . .     Gourm    .   (shield currently unavailable)
rNeg     . . .     Faith    .   Q - +6 plate armour {ponderous}
rPois    .         Spirit   +   c - +0 helmet
rElec    .         Reflect  +   K - scarf of Taorghavu {Slay+2}
rCorr    .         Harm     .   M - +0 pair of gloves of the Mind {*Contam Dex+6} (curse)
MR       +....     Clarity  +   l - +1 pair of boots
Stlth    ..........             h - +3 amulet of reflection
HPRegen  1.02/turn              X - +3 ring of slaying
MPRegen  0.19/turn              F - ring of magical power

@: about to teleport, flying, slow
A: fangs 3, clarity, regeneration 2, magic shield, antimagic bite, no potion
heal 3, rot immunity
a: Minor Destruction, Lesser Servant of Makhleb, Major Destruction, Greater
Servant of Makhleb, Renounce Religion


You were on level 6 of the Lair of Beasts.
You worshipped Makhleb.
Makhleb was exalted by your worship.
You were not hungry.

You visited 3 branches of the dungeon, and saw 17 of its levels.
You also visited: Labyrinth and Ice Cave.

You collected 999 gold pieces.
You spent 434 gold pieces at shops.

Inventory:

Hand Weapons
 x - a +1 battleaxe of flaming (weapon)
 A - a +1 battleaxe of freezing
Missiles
 d - 4 throwing nets (quivered)
Armour
 b - a scarf of resistance
 c - a +0 helmet (worn)
 l - a +1 pair of boots (worn)
 E - a +2 plate armour of fire resistance
 K - the scarf of Taorghavu (worn) {Slay+2}
   (You bought it in a shop on level 7 of the Dungeon)

   It affects your accuracy and damage with ranged weapons and melee attacks
   (+2).
 M - the cursed +0 pair of gloves of the Mind (worn) {*Contam Dex+6}
   (You found it in a labyrinth)

   It affects your dexterity (+6).
   It causes magical contamination when unequipped.
   It has a curse placed upon it.
 Q - a +6 plate armour of ponderousness (worn)
Jewellery
 h - a +3 amulet of reflection (around neck)
 C - an uncursed ring of positive energy
 D - an uncursed ring of protection from cold
 F - a ring of magical power (right hand)
 V - an uncursed ring of see invisible
 X - a +3 ring of slaying (left hand)
Wands
 I - a wand of acid (10/15)
 R - a wand of acid (7/15)
Scrolls
 i - a scroll of magic mapping
 m - 4 scrolls of remove curse
 n - 2 scrolls of teleportation
 o - 4 scrolls of enchant armour
 v - a scroll of silence
 y - 2 scrolls of brand weapon {unknown}
 z - 4 scrolls of enchant weapon
 B - 3 scrolls of fog
 L - 2 scrolls of acquirement {unknown}
 Y - a scroll of fear
Potions
 g - a potion of resistance {unknown}
 p - a potion of cancellation
 q - 2 potions of berserk rage
 r - 2 potions of flight
 t - 5 potions of curing
 u - a potion of might
 w - 3 potions of agility
 G - 2 potions of heal wounds {unknown}
 P - a potion of ambrosia
 S - 3 potions of mutation {unknown}
 T - 2 potions of invisibility
Books
 a - a book of the Dragon

   Spells                             Type                      Level
   a - Flame Tongue                   Conjuration/Fire             1
   b - Cause Fear                     Hexes                        4
   c - Bolt of Fire                   Conjuration/Fire             6
   d - Dragon Form                    Transmutation                7
   e - Dragon's Call                  Summoning                    9
 e - a book of Necromancy

   Spells                             Type                      Level
   a - Pain                           Necromancy                   1
   b - Animate Skeleton               Necromancy                   1
   c - Vampiric Draining              Necromancy                   3
   d - Regeneration                   Charms/Necromancy            3
   e - Animate Dead                   Necromancy                   4
   f - Control Undead                 Necromancy                   4
 J - a book of Ice

   Spells                             Type                      Level
   a - Ice Form                       Ice/Transmutation            4
   b - Metabolic Englaciation         Hexes/Ice                    5
   c - Ozocubu's Refrigeration        Ice                          6
   d - Bolt of Cold                   Conjuration/Ice              6
   e - Freezing Cloud                 Conjuration/Ice/Air          6
   f - Simulacrum                     Ice/Necromancy               6
 N - a book of Minor Magic

   Spells                             Type                      Level
   a - Magic Dart                     Conjuration                  1
   b - Blink                          Translocation                2
   c - Call Imp                       Summoning                    2
   d - Slow                           Hexes                        2
   e - Conjure Flame                  Conjuration/Fire             3
   f - Mephitic Cloud                 Conjuration/Poison/Air       3
 O - a book of Ice

   Spells                             Type                      Level
   a - Ice Form                       Ice/Transmutation            4
   b - Metabolic Englaciation         Hexes/Ice                    5
   c - Ozocubu's Refrigeration        Ice                          6
   d - Bolt of Cold                   Conjuration/Ice              6
   e - Freezing Cloud                 Conjuration/Ice/Air          6
   f - Simulacrum                     Ice/Necromancy               6
 Z - a book of Clouds

   Spells                             Type                      Level
   a - Poisonous Vapours              Poison/Air                   2
   b - Mephitic Cloud                 Conjuration/Poison/Air       3
   c - Conjure Flame                  Conjuration/Fire             3
   d - Freezing Cloud                 Conjuration/Ice/Air          6
   e - Ring of Flames                 Charms/Fire                  7
Comestibles
 f - 6 bread rations
 j - 4 chunks of flesh
 k - 20 royal jellies
 s - 8 meat rations
 U - 15 fruits


   Skills:
 - Level 10.0 Fighting
 * Level 17.6 Axes
 - Level 1.7 Throwing
 - Level 10.0 Armour
 + Level 4.3 Dodging


You had 13 spell levels left.
You didn't know any spells.

Dungeon Overview and Level Annotations

Branches:
Dungeon (10/15)            Temple (1/1) D:5            Lair (6/6) D:10
  Swamp (0/4) Lair:2        Snake (0/4) Lair:3        Slime (0/5) Lair:5
    Orc: D:9-12

Altars:
Ashenzari
Cheibriados
Dithmenos
Elyvilon
Fedhas
Gozag
Hepliaklqana
Kikubaaqudgha
Makhleb
Nemelex Xobeh
Okawaru
Qazlal
Ru
Sif Muna
Trog
Uskayaw
Vehumet
Wu Jian
Xom
Yredelemnul
Zin
The Shining One

Shops:
D:7 [   D:8 (

Annotations:
Lair:2 exclusion: oklob plant


Innate Abilities, Weirdness & Mutations

You have razor-sharp teeth.
You heal very quickly.
When hurt, damage is shared between your health and your magic reserves.
Your bite disrupts and absorbs the magic of your enemies.
Potions cannot restore your health.
You are immune to rotting.
You possess an exceptional clarity of mind.


Message History

The drowned soul touches you. The drowned soul drowns you!
You are too injured to fight recklessly!
You are too injured to fight recklessly!
You are too injured to fight recklessly!
You slice the drowned soul!! You burn the drowned soul!
You destroy the drowned soul!
The merfolk avatar chants a haunting song.
You are unaffected.
The drowned soul touches you. The drowned soul drowns you!
The drowned soul touches you. The drowned soul drowns you!
The merfolk avatar chants a haunting song.
You are unaffected.
As you read the scroll of teleportation, it crumbles to dust.
You feel strangely unstable.
The merfolk avatar chants a haunting song.
You are unaffected.
The merfolk avatar chants a haunting song.
You are unaffected.
The drowned soul touches you. The drowned soul drowns you!
The drowned soul touches you. The drowned soul drowns you!
You die...

.P.#.#...~~~~~~~ ~~~~
........~~~~~~~~ ~~PP PP~~
........~##~########.... # ###~
........~##~#~~.#8~P~~~ ~P ~~.~
........~~~~~~~~#~~~~~ ~~~ #~~~P~
.....#...~~~~~~~#~~~##~#~~ #~~~#~
....#...~.#~P~~~#~~~~~~~~~~#~~~.~
....##...##~.~#~.~~~))!)~~~~~~P#P
.....#..~P~P~~#~@~~~(m~$~~~P~8~~~
....###.P~~P~~%#.~~~[~~?~~~~~8~~~
.....##..#.~.~P~.~#~))[!~~~~~~~#~
#....##...#~~~~~#~~~~~~~~~ #~~P.~
.....#..~~~~~~~~#~~~~~~~~~ #~~~#~
#.P###..~%~~~~~~#~~~~~~~~~ #~~~~P
######..~##~#~~8#8~~~~~~~~ #8~~#~
.####P...##~####################P
.........P~~~~~~~~~~~~~~~~~~~~~~~


You could see a merfolk avatar.

Vanquished Creatures
  A frost giant (IceCv)
  A minotaur (Lab)
  Erolcha (D:9)
  6 hydras
  Erica (D:8)
  7 two-headed ogres
  A catoblepas (Lair:3)
  7 death yaks
  A sea snake (Lair:6)
  A necromancer (Lair:3)
  4 black mambas
  10 elephants
  An ice statue (IceCv)
  The ghost of sagitran the Chopper, a novice DsAK of Lugonu (D:6)
  10 spiny frogs
  5 rime drakes
  8 komodo dragons
  A queen bee (D:10)
  A wind drake (Lair:6)
  21 polar bears
  2 hornets
  A troll (D:9)
  2 slime creatures (Lair:5)
  24 blink frogs
  Sigmund (D:3)
  3 hippogriffs
  7 spriggans (Lair:1)
  3 wyverns (Lair:6)
  46 yaks
  The ghost of sagitran the Skirmisher, an amateur DsAK of Lugonu (D:3)
  A basilisk (Lair:3)
  2 hell hounds (D:10)
  3 orc warriors
  16 water moccasins
  8 porcupines
  A phantom (D:5)
  A black bear (Lair:2)
  3 sky beasts
  A necrophage (D:10)
  An ogre (D:8)
  3 ice beasts
  35 wolves
  14 crocodiles
  3 centaurs
  8 bullfrogs
  A big kobold (D:10)
  A gnoll sergeant (D:4)
  6 scorpions
  27 killer bees
  4 howler monkeys
  3 electric eels
  4 crimson imps
  A centaur zombie (D:8)
  2 bullfrog zombies
  8 hounds
  4 jellies
  7 orc priests
  2 bullfrog skeletons
  An iguana (D:8)
  7 orc wizards
  9 worker ants
  2 polar bear simulacra (Lair:3)
  4 yak simulacra (Lair:3)
  A wolf simulacrum (Lair:3)
  A worker ant zombie (D:9)
  4 gnolls
  A howler monkey skeleton (D:8)
  8 adders
  4 shadow imps
  An adder zombie (D:5)
  2 worms
  2 dart slugs
  A leopard gecko (D:4)
  31 orcs
  5 ball pythons
  7 bats
  6 giant cockroaches
  8 goblins
  2 hobgoblins
  7 quokkas
  7 frilled lizards
  A jackal zombie (D:5)
  8 kobolds
  A leopard gecko zombie (D:5)
  A quokka skeleton (D:5)
  14 rats
  4 river rat simulacra (Lair:3)
  A fungus (Lair:3)
  2 plants
502 creatures vanquished.

Vanquished Creatures (others)
  A yak (D:5)
  5 fungi
  8 plants
14 creatures vanquished.

Grand Total: 516 creatures vanquished

Notes
Turn   | Place    | Note
-------+----------+-------------------------------------------
     0 | D:1      | Duffy the Vine Stalker Gladiator began the quest for the Orb.
     0 | D:1      | Reached XP level 1. HP: 11/11 MP: 2/2
   278 | D:1      | Reached XP level 2. HP: 12/15 MP: 3/3
   412 | D:1      | Reached skill level 3 in Axes
   993 | D:2      | Reached XP level 3. HP: 19/19 MP: 4/4
  1691 | D:2      | Gained mutation: Your natural rate of healing is unusually fast. [Vine Stalker growth]
  1691 | D:2      | Reached XP level 4. HP: 23/23 MP: 5/5
  1843 | D:2      | Reached skill level 4 in Axes
  1933 | D:3      | Noticed sagitran's ghost (amateur DsAK)
  1956 | D:3      | Killed sagitran's ghost
  1956 | D:3      | Reached XP level 5. HP: 16/28 MP: 6/6
  2082 | D:3      | Reached skill level 5 in Axes
  2086 | D:3      | Found an opulent altar of Gozag.
  2321 | D:3      | Reached XP level 6. HP: 32/32 MP: 7/7
  2465 | D:3      | Noticed Sigmund
  2472 | D:3      | Killed Sigmund
  2472 | D:3      | Reached skill level 1 in Armour
  2747 | D:4      | Reached XP level 7. HP: 23/37 MP: 8/8
  2877 | D:4      | Found a bloodstained altar of Trog.
  3096 | D:4      | Reached skill level 6 in Axes
  3452 | D:5      | Entered Level 5 of the Dungeon
  3782 | D:5      | Gained mutation: You have razor-sharp teeth. [Vine Stalker growth]
  3782 | D:5      | Reached XP level 8. HP: 39/42 MP: 7/9
  4044 | D:5      | Found a staircase to the Ecumenical Temple.
  4053 | Temple   | Entered the Ecumenical Temple
  4192 | Temple   | Became a worshipper of Makhleb the Destroyer
  4336 | D:5      | Killed a yak
  4463 | D:5      | Noticed a yak
  4464 | D:5      | Noticed a yak
  4464 | D:5      | Noticed a yak
  4464 | D:5      | Noticed a yak
  4469 | D:5      | Killed a yak
  4469 | D:5      | Reached skill level 7 in Axes
  4471 | D:5      | Killed a yak
  4479 | D:5      | Killed a yak
  4479 | D:5      | Reached skill level 5 in Fighting
  4493 | D:5      | Killed a yak
  4680 | D:6      | Found a shadowy altar of Dithmenos.
  4680 | D:6      | Found an ornate altar of the Wu Jian Council.
  4688 | D:6      | Reached XP level 9. HP: 45/47 MP: 10/10
  4953 | D:6      | Found a snail-covered altar of Cheibriados.
  4953 | D:6      | Found a sparkling altar of Nemelex Xobeh.
  5071 | D:6      | Reached * piety under Makhleb
  5146 | D:6      | Reached skill level 5 in Armour
  5185 | D:6      | Noticed sagitran's ghost (novice DsAK)
  5199 | D:6      | Killed sagitran's ghost
  5464 | D:7      | Found Caontuv's Antique Armour Boutique.
  5808 | D:7      | Reached ** piety under Makhleb
  6041 | D:8      | Noticed a two-headed ogre
  6045 | D:8      | Reached skill level 8 in Axes
  6390 | D:8      | Got a steaming flail
  6445 | D:8      | Noticed a hornet
  6499 | D:7      | Killed a hornet
  6499 | D:7      | Reached XP level 10. HP: 27/53 MP: 11/11
  6563 | D:8      | Noticed a two-headed ogre
  6572 | D:8      | Killed a two-headed ogre
  6572 | D:8      | Reached skill level 9 in Axes
  6798 | D:8      | Noticed a two-headed ogre
  6804 | D:8      | Killed a two-headed ogre
  6836 | D:8      | Noticed Erica
  6854 | D:8      | Killed Erica
  6854 | D:8      | Reached skill level 10 in Axes
  6980 | D:8      | Found Noemavom's Antique Weapon Shoppe.
  6984 | D:8      | Bought a runed broad axe for 224 gold pieces
  7149 | D:9      | Noticed Erolcha
  7159 | D:9      | Killed Erolcha
  7159 | D:9      | Reached XP level 11. HP: 36/59 MP: 12/12
  7219 | D:9      | Reached skill level 11 in Axes
  7396 | D:9      | Reached *** piety under Makhleb
  7625 | D:9      | Noticed a two-headed ogre
  7635 | D:9      | Killed a two-headed ogre
  7736 | D:9      | Gained mutation: You possess an exceptional clarity of mind. [mutagenic meat]
  7933 | D:9      | Killed a two-headed ogre
  8098 | D:9      | Noticed a two-headed ogre
  8107 | D:9      | Killed a two-headed ogre
  8378 | D:9      | Reached skill level 12 in Axes
  8571 | D:7      | Bought a smoking scarf for 210 gold pieces
  8581 | D:7      | Identified the cursed scarf of Taorghavu {Slay+2} (You bought it in a shop on level 7 of the Dungeon)
  8652 | D:10     | Entered Level 10 of the Dungeon
  8822 | D:10     | Noticed a two-headed ogre
  8830 | D:10     | Killed a two-headed ogre
  8854 | D:10     | Noticed a two-headed ogre
  8864 | D:10     | Killed a two-headed ogre
  8968 | D:10     | Found a staircase to the Lair.
  9056 | D:10     | Reached **** piety under Makhleb
  9250 | D:10     | Gained mutation: You heal very quickly. [Vine Stalker growth]
  9250 | D:10     | Reached XP level 12. HP: 66/66 MP: 13/13
  9481 | Lair:1   | Entered Level 1 of the Lair of Beasts
  9528 | Lair:1   | Reached skill level 13 in Axes
 10390 | Lair:1   | Reached ***** piety under Makhleb
 10561 | Lair:2   | Found a staircase to the Swamp.
 10791 | Lair:2   | Noticed an eight-headed hydra
 10799 | Lair:2   | Killed a five-headed hydra
 10799 | Lair:2   | Reached skill level 10 in Fighting
 10799 | Lair:2   | Reached skill level 14 in Axes
 11492 | Lair:3   | Found a labyrinth entrance.
 11501 | Lab      | Entered a labyrinth
 11854 | Lab      | Noticed a minotaur
 11861 | Lab      | Killed a minotaur
 11903 | Lab      | Got a pair of scorched gloves
 11909 | Lab      | Identified the cursed +0 pair of gloves of the Mind {*Contam Dex+6} (You found it in a labyrinth)
 12017 | Lair:3   | Noticed a catoblepas
 12046 | Lair:3   | Killed a catoblepas
 12062 | Lair:3   | Noticed a seven-headed hydra
 12065 | Lair:3   | Reached XP level 13. HP: 72/72 MP: 14/14
 12107 | Lair:3   | Found a staircase to the Snake Pit.
 12532 | Lair:4   | Reached skill level 15 in Axes
 13457 | Lair:5   | Found a frozen archway.
 13471 | IceCv    | Entered an ice cave
 13577 | IceCv    | Reached skill level 16 in Axes
 13660 | IceCv    | Reached XP level 14. HP: 77/77 MP: 15/15
 13679 | IceCv    | Reached ****** piety under Makhleb
 14160 | IceCv    | Noticed a frost giant
 14172 | IceCv    | Killed a frost giant
 14488 | Lair:5   | Found a staircase to the Slime Pits.
 15058 | Lair:6   | Entered Level 6 of the Lair of Beasts
 15143 | Lair:6   | Reached skill level 10 in Armour
 15313 | Lair:6   | Reached skill level 17 in Axes
 15846 | Lair:6   | Drowned by a drowned soul

Vault maps used:
D:1:      onia_arrival_handbag
D:2:      first_bread
D:3:      marbit_many_paths, uniq_sigmund
D:4:      lemuel_crystal_altar
D:5:      lemuel_temple_firewalk_b, supply_closet_lemuel, eino_curves_02
D:6:      lemuel_ice_spiral_2, chequers_temple_overflow_statue_of_worship,
          grunt_temple_overflow_open
D:7:      serial_shops, nicolae_shop_trees
D:8:      serial_shops, nicolae_shop_behind_doors, uniq_erica
D:9:      uniq_erolcha
D:10:     minmay_lair_entry_lava, special_room
Temple:   nicolae_temple_elliptical
Lair:1:   kb_forest_paths
Lair:2:   minmay_lair_oklob_tunnel, minmay_swamp_entry_worms,
          infiniplex_staircase_pool, lemuel_fruit_fields, lemuel_fruit_fields
Lair:3:   dummy_snake_entry, lab_entry_generic, eino_house_with_fridge
Lair:4:   grunt_forest_large_clearing_hut, lemuel_fruit_tree,
          infiniplex_staircase_pool_2
Lair:5:   minmay_slime_entry_pillars, portal_ice_cave_rime, serial_bayou,
          serial_bayou_ford_a, serial_bayou_pond_c, serial_bayou_pond_d,
          serial_bayou_pond_b, serial_bayou_pond_a
Lair:6:   gammafunk_lair_ancient_temple
Lab:      labyrinth_hidden_loot, nicolae_lab_do_over, nicolae_lab_very_dead_end,
          nicolae_lab_stuck
IceCv:    ice_cave_caverns_01

Skill      XL: |  1  2  3  4  5  6  7  8  9 10 11 12 13 14 |
---------------+-------------------------------------------+-----
Fighting       | 2 3 4 5 7 9 10 | 10.0
Axes           | 3 4 5 6 7 8 10 12 14 16 17 | 17.6
Armour         | 1 2 4 7 9 10 | 10.0
Dodging        | 4 |  4.3
Throwing       | |  1.7

Action                   |  1- 3 |  4- 6 |  7- 9 | 10-12 | 13-15 || total
-------------------------+-------+-------+-------+-------+-------++-------
Melee: War axe           |    93 |   106 |   364 |   372 |       ||   935
       Bite              |    24 |    24 |   131 |   208 |   206 ||   593
       Broad axe         |       |       |       |   121 |       ||   121
       Battleaxe         |       |       |       |    23 |   442 ||   465
       Scimitar          |       |       |       |     3 |       ||     3
Evoke: Wand              |       |       |     2 |     4 |       ||     6
  Use: Scroll            |       |       |     9 |    13 |     4 ||    26
       Potion            |       |       |       |     3 |     1 ||     4
 Stab: Sleeping          |     3 |       |       |       |       ||     3
       Petrified         |       |       |       |     2 |       ||     2
  Eat: Chunk             |     3 |     3 |    13 |    14 |     1 ||    34
       Fruit             |       |       |       |     5 |       ||     5
       Bread ration      |       |       |       |     2 |     2 ||     4
Armor: Leather armour    |    18 |       |       |       |       ||    18
       Scale mail        |    15 |    31 |       |       |       ||    46
       Ring mail         |     4 |       |       |       |       ||     4
       Plate armour      |       |    28 |   294 |   311 |   415 ||  1048
       Skin              |       |       |       |     5 |       ||     5
Dodge: Dodged            |    65 |    50 |   122 |    96 |   179 ||   512
Block: Shield            |       |       |    34 |   185 |       ||   219
       Other             |       |       |       |     1 |    58 ||    59
